 Dungeon Crawl Stone Soup version 0.29.1-2-gbd0b4ee654 (webtiles) character file.

Game seed: 4971700101970957241

60 GorkyZ the Shield-Bearer (level 4, 0/37 HPs)
             Began as a Formicid Fighter on Nov 19, 2022.
             Succumbed to an adder's poison
             ... on level 2 of the Dungeon.
             The game lasted 00:03:59 (1402 turns).

GorkyZ the Shield-Bearer (Formicid Fighter)         Turns: 1402, Time: 00:03:59

Health: 0/37       AC:  7    Str: 23    XL:     4   Next: 24%
Magic:  4/4        EV:  9    Int:  7    God:
Gold:   96         SH:  5    Dex: 13    Spells: 3/3 levels left

rFire   . . .      SeeInvis +   a - +0 flail
rCold   . . .      Faith    .   c - +0 buckler
rNeg    . . .      Spirit   .   b - +0 scale mail
rPois   .          Reflect  .   (helmet unavailable)
rElec   .          Harm     .   (no cloak)
rCorr   .          Rampage  .   (no gloves)
Will    .....                   (no boots)
Stlth   ..........              (no amulet)
HPRegen 0.12/turn               (no ring)
MPRegen 0.09/turn               (no ring)

@: lethally poisoned (0 -> -4)
A: permanent stasis, dig shafts and tunnels, antennae 3, four strong arms
a: Dig, Shaft Self


You were on level 2 of the Dungeon.
You visited 1 branch of the dungeon, and saw 2 of its levels.

You collected 96 gold pieces.

Inventory:

Hand Weapons
 a - a +0 flail (weapon)
Missiles
 g - 4 silver javelins (quivered)
 k - 2 poisoned darts
Armour
 b - a +0 scale mail (worn)
 c - a +0 buckler (worn)
Scrolls
 i - a scroll of identify {unknown}
 j - a scroll of immolation {unknown}
 l - a scroll of teleportation {unknown}
 n - a scroll of blinking {unknown}
Potions
 d - a potion of might
 e - a potion of flight {unknown}
 f - a potion of heal wounds {unknown}
 h - a potion of curing {unknown}
 m - a potion of brilliance {unknown}


   Skills:
 + Level 3.8 Fighting
 + Level 2.7 Maces & Flails
 + Level 3.9 Armour
 + Level 4.7 Shields


You had 3 spell levels left.
You didn't know any spells.
Your spell library was empty.

Dungeon Overview and Level Annotations

Branches:
Dungeon (2/15)

Altars:

Shops:
D:1 (   D:2 **


Innate Abilities, Weirdness & Mutations

You cannot be hasted, slowed, berserked, paralysed or teleported.
You can dig through walls and to a lower floor.
You have a pair of large antennae on your head. (SInv)
Your four strong arms can wield two-handed weapons with a shield.


Message History

The adder is moderately wounded.
You feel very sick. The adder bites you but does no damage.
The endoplasm freezes you.
You are frozen.
The adder bites you but does no damage. The endoplasm freezes you.
You are frozen.
You barely miss the adder.
The adder is moderately wounded.
You feel sick. The adder bites you. The endoplasm freezes you.
You are frozen.
The adder barely misses you.
You thump the adder!
The adder is severely wounded.
You feel sick. The adder barely misses you. The endoplasm hits you.
You barely miss the adder.
The adder is severely wounded.
You feel sick. The adder bites you.
You are more poisoned.
The adder poisons you! The endoplasm freezes you.
You are frozen.
The adder bites you but does no damage.
You barely miss the adder.
The adder is severely wounded.
You feel sick. The endoplasm closely misses you.
The adder bites you but does no damage. The endoplasm freezes you.
You are frozen.
* * * LOW HITPOINT WARNING * * *
The adder barely misses you.
You closely miss the adder.
The adder is severely wounded.
* * * LOW HITPOINT WARNING * * *
You feel sick. The adder barely misses you. The endoplasm freezes you.
You are frozen.
* * * LOW HITPOINT WARNING * * *
You thump the endoplasm!
You kill the endoplasm!
You die...

#... .......#.... .....
........#.. ......
.#.......... ##......
.......#... ........
......⌠.⌠.# ##......
##...#.∩..# #### #>......
......⌠.S.##.... ......
........@......# #....
..............##### ##..#
.......∩..........####...
............#..#.......##
..................##...#
............###.†..).###
.........................
..........###.##.#.......
#####.##.......#.........


You could see an adder.

Vanquished Creatures
  2 adders (D:2)
  A dart slug (D:1)
  7 ball pythons
  4 endoplasms
  A giant cockroach (D:1)
  5 goblins (D:1)
  2 hobgoblins
  3 jackals (D:2)
  4 bats
  2 frilled lizards (D:1)
  4 kobolds
  4 rats (D:1)
39 creatures vanquished.

Notes
Turn   | Place    | Note
-------+----------+-------------------------------------------
     0 | D:1      | GorkyZ the Formicid Fighter began the quest for the Orb.
     0 | D:1      | Reached XP level 1. HP: 18/18 MP: 1/1
   125 | D:1      | Found a faded altar of an unknown god.
   205 | D:1      | Reached XP level 2. HP: 24/24 MP: 2/2
   300 | D:1      | Found Ungigh's Weapon Boutique.
   773 | D:1      | Reached XP level 3. HP: 27/29 MP: 3/3
  1175 | D:2      | Reached XP level 4. HP: 19/37 MP: 4/4
  1379 | D:2      | Found Goem's General Store.
  1383 | D:2      | Found Acullivo's General Store.
  1401 | D:2      | HP: 1/37 [frozen (3)]
  1402 | D:2      | Succumbed to an adder's poison

Illustrated notes

Levels and vault maps discovered:
D:1:      dpeg_arrival_rhombi, layout_loops_cross, serial_shops, shop,
          hellmonk_ecumenical_altar_heavens_door
D:2:      layout_rooms, serial_shops, nicolae_shop_behind_doors,
          nicolae_lakefront_shop, shop, shop_fountains

Action                   |  1- 3 |  4- 6 || total
-------------------------+-------+-------++-------
Melee: Flail             |    99 |    24 ||   123
Armor: Scale mail        |    67 |    13 ||    80
Dodge: Dodged            |    61 |    12 ||    73
Block: Buckler           |    29 |     4 ||    33
